 Dungeon Crawl Stone Soup version 0.30.1-11-g7821555f0a (console) character file.

Game seed: 16930250901748293151

5294 Slaatcain the Fighter (level 9, -1/93 HPs)
             Began as a Minotaur Fighter on Nov 30, 2023.
             Was an Elder of Ru.
             Slain by an ice devil (11 damage)
             ... summoned by an orc high priest
             ... in a bailey.
             The game lasted 00:33:58 (9027 turns).

Slaatcain the Fighter (Minotaur Fighter)            Turns: 9027, Time: 00:33:59

Health: -1/93      AC: 15    Str: 23    XL:     9   Next: 37%
Magic:  8/8        EV: 11    Int:  7    God:    Ru [****..]
Gold:   530        SH: 11    Dex: 10    Spells: 8/8 levels left

rFire   + . .        a - +0 long sword
rCold   . . .        c - +0 buckler
rNeg    + . .        t - +1 scale mail {rF+}
rPois   .            (helmet restricted)
rElec   .            M - +0 cloak
rCorr   .            L - +2 pair of gloves
SInv    .            s - +0 pair of boots
Will    +....        K - amulet of reflection Stlth
                     H - ring of positive energy
HPRegen 0.35/turn    I - ring of willpower
MPRegen 0.11/turn

%: reflection
@: mighty, exhausted, studying Dodging
A: horns 2, inability to use devices, inexperienced 1, retaliatory headbutt,
robust 1
a: Renounce Religion, Draw Out Power, Power Leap


You were in a bailey.
You worshipped Ru.
Ru was greatly pleased with you.
You visited 2 branches of the dungeon, and saw 9 of its levels.
You also visited: Sewer and Bailey.

You collected 530 gold pieces.

Inventory:

Hand Weapons
 a - a +0 long sword (weapon)
Missiles
 d - 2 curare-tipped darts
 l - 37 poisoned darts (quivered)
 y - 4 throwing nets
Armour
 c - a +0 buckler (worn)
 s - a +0 pair of boots (worn)
 t - a +1 scale mail of fire resistance (worn)
 D - an orb of wrath
 L - a +2 pair of gloves (worn)
 M - a +0 cloak (worn)
Jewellery
 H - a ring of positive energy (left hand)
 I - a ring of willpower (right hand)
 K - an amulet of reflection (around neck)
Scrolls
 f - 2 scrolls of magic mapping
 g - a scroll of immolation {unknown}
 h - 3 scrolls of blinking
 i - 2 scrolls of enchant armour {unknown}
 j - 2 scrolls of noise {unknown}
 m - 2 scrolls of fear {unknown}
 n - 2 scrolls of teleportation {unknown}
 p - 2 scrolls of acquirement
 v - a scroll of silence {unknown}
 B - 2 scrolls of fog {unknown}
 E - a scroll of vulnerability {unknown}
 F - 3 scrolls of enchant weapon {unknown}
Potions
 b - a potion of berserk rage
 e - 2 potions of curing
 k - a potion of magic {unknown}
 o - a potion of haste {unknown}
 q - a potion of ambrosia {unknown}
 u - 2 potions of attraction
 w - 2 potions of mutation
 x - 4 potions of lignification
 z - a potion of resistance
 C - 2 potions of degeneration {unknown}
 G - a potion of invisibility {unknown}


   Skills:
 + Level 9.8 Fighting
 + Level 9.4 Long Blades
 + Level 9.8 Armour
 + Level 5.0 Dodging
 + Level 9.7 Shields


You had 8 spell levels left.
You didn't know any spells.
Your spell library contained the following spells:

 Spells                   Type           Power      Damage    Failure   Level
 Kiss of Death            Conj/Necr      0%         2d5       75%         1
 Confusing Touch          Hex            0%         N/A       98%         3
 Inner Flame              Hex/Fire       0%         N/A       98%         3
 Animate Armour           Summ/Erth      0%         N/A       100%        4
 Dispel Undead            Necr           0%         3d6       100%        4
 Flame Wave               Conj/Fire      0%         2d4       100%        4
 Sticky Flame             Conj/Fire      0%         2d3       100%        4
 Blade Hands              Tmut           0%         N/A       100%        5
 Iron Shot                Conj/Erth      0%         9d1       100%        6


Dungeon Overview and Level Annotations

Branches:
Dungeon (8/15)             Temple (1/1) D:4           Sewer (visited)
 Bailey (1/1)
   Lair: D:8-11

Altars:
Ashenzari
Cheibriados
Dithmenos
Elyvilon
Fedhas
Gozag
Hepliaklqana
Kikubaaqudgha
Makhleb
Nemelex Xobeh
Okawaru
Qazlal
Ru
Sif Muna
Trog
Uskayaw
Vehumet
Wu Jian
Xom
Yredelemnul
Zin
The Shining One

Shops:
D:6 (:


Innate Abilities, Weirdness & Mutations

You have a pair of horns on your head.
You cannot study or use magical devices.
You are somewhat inexperienced. (-1 XL)
You reflexively headbutt those who attack you in melee.
You are robust. (+10% HP)


Message History

You headbutt the orc knight.
The orc knight is almost dead.
The white imp shouts, "Slither hence, thou froward fen-sucked brisket!"
The orc knight hits you with a +0 war axe!
* * * LOW HITPOINT WARNING * * *
The kobold demonologist gestures wildly while chanting.
You block the gnoll's attack. The gnoll hits you but does no damage.
You feel much better. The orc knight barely misses you. The gnoll misses you.
The gnoll closely misses you.
You hit the orc knight but do no damage.
The orc knight is almost dead.
The white imp summons a swarm of flies.
The smoke demon gestures at you. Something smites you!
You block the gnoll's attack. The orc knight closely misses you.
You barely miss the orc knight. You headbutt the orc knight!
You kill the orc knight!
The smoke demon disappears in a puff of smoke!
The orc high priest invokes the aid of Beogh against you.
Beogh smites you!
* * * LOW HITPOINT WARNING * * *
You block the gnoll's attack.
Your life force feels restored.
Your Dodging skill increases to level 5!
Okay, then.
Unknown command.
Unknown command.
You block the gnoll's attack.
The kobold demonologist begins to cast a spell, but is stunned by your conviction!
The kobold demonologist begins to cast a cantrip, but forgets the words!
The ice devil attacks as you move away! The ice devil hits you.
* * * LOW HITPOINT WARNING * * *
The ice devil freezes you!
* * * LOW HITPOINT WARNING * * *
The white imp begins to attack, but is stunned by your conviction!
The orc high priest utters an invocation to Beogh.
The ice devil attacks as you move away! You block the ice devil's attack.
The white imp begins to attack, but is stunned by your conviction!
The ice devil attacks as you move away! The ice devil hits you.
* * * LOW HITPOINT WARNING * * *
The ice devil freezes you!
You die...

#########################
≈≈≈≈≈≈≈≈≈≈≈≈≈≈≈≈≈≈≈≈≈≈≈≈≈
≈≈≈≈≈≈≈≈≈≈≈≈≈≈≈≈≈≈≈≈≈≈≈≈≈
≈≈≈≈≈≈≈≈≈≈≈≈≈≈≈≈≈≈≈≈≈≈≈≈≈
≈≈≈≈≈≈≈≈≈≈≈≈≈≈≈≈≈≈≈≈≈≈≈≈≈
≈≈≈≈≈≈≈≈≈≈≈≈≈≈≈≈≈≈≈≈≈≈≈≈≈ ≈≈≈≈
######~~~~~~~~~~~######≈≈≈≈ ≈≈≈≈≈
#.'....)..@∩........'.#≈≈≈≈
≈≈≈≈≈≈###..######4######..###≈≈≈≈
≈≈≈≈≈≈#....#[[.#.4.#...#....#≈≈≈≈
≈≈≈≈≈≈#..).#[[.#...#...#....#≈≈≈≈
≈≈≈≈≈≈#'#'##+###8g8###+##'#'#≈≈≈≈
≈≈≈≈≈≈~.#.)# #.o)# #..#.~≈≈≈≈
≈≈≈≈≈≈~.#..# #858# #..#.~≈≈≈≈
≈≈≈≈≈≈~.#..# #45.# #..#.~≈≈≈≈
≈≈≈≈≈≈~.#..# #5..# #..#.~≈≈≈≈
≈≈≈≈≈≈~.#..# ##'## #..#.~≈≈≈≈
≈≈≈≈≈≈~.##'# .... #)##.~≈≈≈≈


You could see an orc high priest (strong), an ice devil (summoned), a rust devil
(summoned), an iron imp (summoned), a gnoll and a white imp (summoned).

Vanquished Creatures
  An orc knight (Bailey)
  Pikel (D:5)
  Sigmund (D:4)
  A steam dragon (D:6)
  Edmund (D:4)
  Menkaure (D:4)
  An acid dragon (D:5)
  2 water moccasins
  7 orc warriors
  2 sky beasts
  A black bear (D:5)
  3 ice beasts (D:5)
  2 centaurs
  5 ogres
  A lemure (D:5)
  6 kobold brigands
  Blork the orc (D:4)
  2 scorpions
  2 electric eels (Bailey)
  2 howler monkeys (D:5)
  4 hounds
  7 jellies
  An orc priest (D:7)
  Ijyb (D:3)
  A sleepcap (D:6)
  Natasha (thrice) (D:2)
  3 iguanas
  2 orc wizards (D:5)
  Robin (D:2)
  12 gnolls
  9 adders
  A shadow imp (D:7)
  3 white imps
  3 ufetubi
  9 worms
  A dart slug (D:1)
  11 orcs
  5 bats
  10 endoplasms
  4 giant cockroaches
  21 goblins
  17 hobgoblins
  8 jackals
  8 quokkas
  8 ball pythons
  2 frilled lizards (D:3)
  17 kobolds
  16 rats
231 creatures vanquished.

Vanquished Creatures (others)
  An orc warrior (Bailey)
  2 goblins
3 creatures vanquished.

Grand Total: 234 creatures vanquished

Notes
Turn   | Place    | Note
-------+----------+-------------------------------------------
     0 | D:1      | Slaatcain the Minotaur Fighter began the quest for the Orb.
     0 | D:1      | Reached XP level 1. HP: 19/19 MP: 0/0
   203 | D:1      | Reached XP level 2. HP: 27/27 MP: 1/1
   475 | D:1      | Reached XP level 3. HP: 16/33 MP: 2/2
   948 | D:2      | Reached XP level 4. HP: 39/40 MP: 3/3
  1010 | D:2      | Noticed Robin
  1021 | D:2      | Killed Robin
  1176 | D:3      | Found a glowing drain.
  1186 | Sewer    | Entered a sewer
  1260 | Sewer    | Noticed a kobold brigand
  1294 | Sewer    | Killed a kobold brigand
  1295 | Sewer    | Reached XP level 5. HP: 34/47 MP: 4/4
  1749 | Sewer    | Reached skill level 5 in Fighting
  1749 | Sewer    | Reached skill level 5 in Armour
  1749 | Sewer    | Reached skill level 5 in Shields
  1749 | Sewer    | Reached XP level 6. HP: 44/56 MP: 5/5
  2402 | D:2      | Noticed Natasha
  2410 | D:2      | Killed Natasha
  2520 | D:2      | Found a faded altar of an unknown god.
  2521 | D:2      | Noticed Natasha
  2524 | D:2      | Killed Natasha
  2525 | D:2      | Reached skill level 5 in Long Blades
  2581 | D:2      | Noticed Natasha
  2589 | D:2      | Killed Natasha
  2590 | D:2      | Reached XP level 7. HP: 62/62 MP: 6/6
  2648 | D:2      | Found a sacrificial altar of Ru.
  2668 | D:2      | Became a worshipper of Ru the Awakened
  3120 | D:4      | Noticed Sigmund
  3131 | D:4      | Killed Sigmund
  3421 | D:3      | Noticed Ijyb
  3434 | D:3      | Killed Ijyb
  3654 | D:4      | Found a staircase to the Ecumenical Temple.
  3659 | Temple   | Entered the Ecumenical Temple
  3659 | Temple   | Found a transporter.
  3659 | Temple   | Found a transporter.
  3661 | Temple   | Found a transporter.
  3661 | Temple   | Found a transporter.
  3756 | D:5      | Entered Level 5 of the Dungeon
  3956 | D:4      | Gained mutation: You are somewhat inexperienced. (-1 XL)
                  | [Ru sacrifice]
  3956 | D:4      | Reached XP level 6. HP: 57/57 MP: 5/5
  3956 | D:4      | Reached * piety under Ru
  4239 | D:4      | Noticed Menkaure
  4245 | D:4      | Killed Menkaure
  4299 | D:5      | Reached XP level 7. HP: 60/64 MP: 6/6
  4318 | D:4      | Noticed Blork the orc
  4330 | D:4      | Killed Blork the orc
  4333 | D:4      | Noticed Edmund
  4364 | D:4      | HP: 3/64 [Edmund/+3 flail of protection (5)]
  4365 | D:4      | Killed Edmund
  5776 | D:5      | Reached XP level 8. HP: 74/74 MP: 7/7
  5782 | D:5      | Noticed Pikel
  5819 | D:5      | Killed Pikel
  6889 | D:6      | Reached skill level 1 in Dodging
  6957 | D:6      | Found Caf Zay's Antique Weapon Shop.
  6964 | D:6      | Found Giupuf's Book Shoppe.
  7018 | D:6      | Gained mutation: You cannot study or use magical devices.
                  | [Ru sacrifice]
  7018 | D:6      | Reached ** piety under Ru
  7018 | D:6      | Reached *** piety under Ru
  7018 | D:6      | Reached **** piety under Ru
  7579 | D:6      | Gained mutation: You occasionally lose the ability to read
                  | scrolls when taking damage. [potion of mutation]
  7579 | D:6      | Gained mutation: You possess an exceptional clarity of
                  | mind. [potion of mutation]
  7580 | D:6      | Lost mutation: You possess an exceptional clarity of mind.
                  | [potion of mutation]
  7580 | D:6      | Lost mutation: You occasionally lose the ability to read
                  | scrolls when taking damage. [potion of mutation]
  7580 | D:6      | Gained mutation: You are robust. (+10% HP) [potion of
                  | mutation]
  7580 | D:6      | Gained mutation: Your muscles are strong. (Str +4, Int/Dex
                  | -1) [potion of mutation]
  7580 | D:6      | Lost mutation: Your muscles are strong. (Str +4, Int/Dex
                  | -1) [potion of mutation]
  7753 | D:7      | Found a bloodstained altar of Trog.
  7753 | D:7      | Found a sacrificial altar of Ru.
  7753 | D:7      | Found a shimmering altar of Xom.
  7785 | D:7      | Reached XP level 9. HP: 90/91 MP: 8/8
  8069 | D:8      | Found a flagged portal.
  8096 | Bailey   | Entered a bailey
  8997 | Bailey   | Found an iron altar of Okawaru.
  8997 | Bailey   | Noticed an orc knight
  8998 | Bailey   | Noticed an orc high priest
  9012 | Bailey   | Noticed a smoke demon
  9021 | Bailey   | Killed an orc knight
  9022 | Bailey   | Reached skill level 5 in Dodging
  9026 | Bailey   | Noticed a rust devil
  9027 | Bailey   | Slain by an ice devil

Illustrated notes

Levels and vault maps discovered:
D:1:      tarquinn_simple_flora_water_e, layout_basic
D:2:      layout_loops_ring, basic_altar,
          dreamdust_ecumenical_altar_angels_and_demons, nrook_campfire,
          uniq_natasha, uniq_robin
D:3:      kennysheep_goblin_castle, layout_rooms, gup_sewer_entry_pipe,
          interstate_on_off, minmay_misc_feat_plants
D:4:      layout_layer_cave, temple_doors_cd, kennysheep_potato, uniq_edmund,
          uniq_sigmund, uniq_blork_the_orc, uniq_menkaure
D:5:      minmay_clustersquares, layout_cave_pods, minmay_chambers_of_fives,
          uniq_pikel
D:6:      cheibrodos_thug_alley, layout_loops_ring, serial_shops, shop, shop
D:7:      layout_loops_corners, gammafunk_temple_overflow_forgotten,
          ebering_ghost_disaster_area, uniq_joseph
D:8:      layout_rooms, enter_bailey_3
Temple:   hellmonk_temple_divided_pantheon
Bailey:   bailey_axe_of_yendor_kennysheep, bailey

Skill      XL: |  1  2  3  4  5  6  7  8  9 |
---------------+----------------------------+-----
Shields        | 4 5 7 9 |  9.7
Fighting       | 4 5 7 9 |  9.8
Long Blades    | 3 4 6 7 8 9 |  9.4
Armour         | 4 5 7 9 |  9.8
Dodging        | 3 5 |  5.0

Action                     |  1- 3 |  4- 6 |  7- 9 || total
---------------------------+-------+-------+-------++-------
  Melee: Long sword        |    63 |   254 |   508 ||   825
         Headbutt          |    12 |    28 |   107 ||   147
  Throw: Dart              |       |     1 |   126 ||   127
 Invoke: Sacrifice Experie |       |     1 |       ||     1
         Sacrifice Artific |       |       |     1 ||     1
         Draw Out Power    |       |       |     1 ||     1
    Use: Potion            |       |     1 |     8 ||     9
         Scroll            |       |       |     9 ||     9
 Armour: Scale mail        |    28 |   122 |   162 ||   312
  Dodge: Dodged            |    25 |   122 |   157 ||   304
  Block: Buckler           |    13 |    50 |   176 ||   239
